 Dungeon Crawl Stone Soup version 0.25.1-2-g60ff931df9 (webtiles) character file.

Game seed: 7905284741791880323

3514 Curus the Cleaver (level 9, -3/61 HPs)
             Began as a Demonspawn Gladiator on Oct 14, 2020.
             Slain by Harold
             ... wielding a +1 vampiric halberd
              (7 damage)
             ... on level 8 of the Dungeon.
             The game lasted 00:37:57 (7018 turns).

Curus the Cleaver (Demonspawn Gladiator)            Turns: 7018, Time: 00:37:58

Health: -3/61      AC: 15    Str: 15 (16) XL:     9   Next: 81%
Magic:  9/9        EV: 11    Int:  7 (8)  God:
Gold:   318        SH:  3    Dex: 15 (16) Spells: 8/8 levels left

rFire    . . .     SeeInvis .   a - +2 war axe
rCold    . . .     Gourm    .   j - +0 buckler
rNeg     . . .     Faith    .   s - +0 swamp dragon scales
rPois    +         Spirit   .   (helmet restricted)
rElec    .         Reflect  .   (no cloak)
rCorr    .         Harm     .   (no gloves)
MR       .....     Rnd*Rage +   e - +0 pair of boots
Stlth    ++........             p - amulet of regeneration
HPRegen  0.60/turn              l - +4 ring of protection
MPRegen  0.11/turn              (no ring)

@: marked
A: antennae 1, hooves 1, yellow scales 2, berserk 1, blurry vision 1, dopey 1,
nightstalker 1
a: no special abilities


You were on level 8 of the Dungeon.
You were not hungry.

You visited 1 branch of the dungeon, and saw 8 of its levels.
You also visited: Sewer.

You collected 318 gold pieces.

Inventory:

Hand Weapons
 a - a +2 war axe (weapon)
Missiles
 d - 4 throwing nets (quivered)
Armour
 b - a +0 leather armour
 c - a +0 helmet
 e - a +0 pair of boots (worn)
 h - a +0 ring mail
 i - a +0 scale mail
 j - a +0 buckler (worn)
 s - +0 swamp dragon scales (worn)
 t - a +0 plate armour
Jewellery
 l - a +4 ring of protection (left hand)
 p - an amulet of regeneration (around neck)
 r - an uncursed amulet of guardian spirit
Wands
 q - a wand of polymorph (5)
Scrolls
 k - 2 scrolls of magic mapping
 m - 8 scrolls of identify
 w - a scroll of remove curse
Potions
 g - 3 potions of flight
 n - a potion of haste
 o - 4 potions of heal wounds
 v - a potion of degeneration
Comestibles
 f - 17 rations


   Skills:
 - Level 2.0 Fighting
 + Level 12.8 Axes
 - Level 1.7 Throwing
 - Level 2.6 Dodging


You had 8 spell levels left.
You didn't know any spells.
Your spell library contained the following spells:

 Spells                   Type           Power        Failure   Level  Hunger
 Beastly Appendage        Tmut           #.....       83%         1    ##.....
 Sticks to Snakes         Tmut           #.......     93%         2    ###....
 Spider Form              Tmut/Pois      #.........   99%         3    ####...
 Ice Form                 Ice/Tmut       #.......     100%        4    #####..
 Blade Hands              Tmut           #.........   100%        5    ######.


Dungeon Overview and Level Annotations

Branches:
Dungeon (8/15)             Temple (0/1) D:4            Lair (0/6) D:8
  Sewer (visited)

Altars:
Cheibriados
Gozag
Nemelex Xobeh
Ru
Vehumet
Xom

Annotations:
D:8 Harold


Innate Abilities, Weirdness & Mutations

You have large cloven feet.
You are mostly covered in yellow scales. (AC +3)
You are slightly more attuned to the shadows.
You have a pair of small antennae on your head.
You tend to lose your temper in combat.
Scrolls take you a little longer to read.
You are dopey. (Int -2)


Message History

Harold hits you with a +1 vampiric halberd!
Harold draws strength from your wounds!
You hit Harold.
Harold is almost dead.
Unknown command.
You barely miss Harold.
Harold is almost dead.
You block Harold's attack.
You hit Harold but do no damage.
Harold is almost dead.
Harold casts a spell at you. The mark upon you grows brighter.
You hit Harold but do no damage.
Harold is almost dead.
Harold hits you with a +1 vampiric halberd!!
* * * LOW HITPOINT WARNING * * *
You hit Harold.
Harold is almost dead.
Harold hits you with a +1 vampiric halberd!
You die...

##+# ###.#### # #.#
#. #.# ##.# ## #.#
##...##.# #.# #....r
#.#######.#
#....###........#
#####@##.#.#########
......@†..##
###########


You could see Harold.

Vanquished Creatures
  Maggie (D:6)
  A spriggan (D:7)
  Duvessa (D:7)
  A water moccasin (D:8)
  2 orc warriors
  A sky beast (D:6)
  A black bear (D:6)
  4 ogres
  2 centaurs
  A big kobold (Sewer)
  A bullfrog (D:6)
  2 scorpions
  Dowan (D:7)
  A water moccasin skeleton (D:6)
  5 killer bees (D:8)
  7 wights
  4 howler monkeys
  A crimson imp (D:6)
  2 bullfrog zombies
  A bullfrog skeleton (D:6)
  3 hounds
  3 orc priests
  2 centaur skeletons
  3 orc wizards
  An iguana (D:4)
  6 worker ants
  A hound zombie (D:7)
  3 hound skeletons
  2 howler monkey zombies
  A worker ant zombie (D:2)
  10 adders
  4 gnolls (D:4)
  3 river rats (Sewer)
  2 shadow imps
  2 oozes (D:1)
  2 adder zombies
  An adder skeleton (D:4)
  4 worms
  2 dart slugs
  9 leopard geckos
  21 orcs
  3 giant cockroaches
  6 goblins
  6 hobgoblins
  9 jackals
  8 kobolds
  6 quokkas
  2 ball pythons
  8 bats
  4 frilled lizards
  A jackal skeleton (D:8)
  A quokka skeleton (D:6)
  5 rats
184 creatures vanquished.

Notes
Turn   | Place    | Note
-------+----------+-------------------------------------------
     0 | D:1      | Curus the Demonspawn Gladiator began the quest for the Orb.
     0 | D:1      | Reached XP level 1. HP: 16/16 MP: 1/1
    10 | D:1      | Reached skill level 3 in Axes
    13 | D:1      | Gained mutation: You are slightly more attuned to the
                  | shadows. [demonic ancestry]
    13 | D:1      | Reached XP level 2. HP: 18/22 MP: 2/2
   422 | D:1      | Reached XP level 3. HP: 27/27 MP: 3/3
   566 | D:1      | Reached skill level 4 in Axes
  1318 | D:2      | Gained mutation: You have large cloven feet. [demonic
                  | ancestry]
  1318 | D:2      | Reached XP level 4. HP: 31/33 MP: 4/4
  1372 | D:2      | Found a sparkling altar of Nemelex Xobeh.
  1378 | D:2      | Found a sacrificial altar of Ru.
  1663 | D:3      | Reached skill level 5 in Axes
  1812 | D:3      | Reached XP level 5. HP: 37/38 MP: 5/5
  2766 | D:4      | Noticed an ogre
  2771 | D:4      | Killed an ogre
  2771 | D:4      | Reached skill level 6 in Axes
  2771 | D:4      | Reached XP level 6. HP: 24/44 MP: 6/6
  3410 | D:4      | Reached skill level 7 in Axes
  3946 | D:4      | Gained mutation: Scrolls take you a little longer to read.
                  | [potion of mutation]
  3946 | D:4      | Gained mutation: You are dopey. (Int -2) [potion of
                  | mutation]
  3946 | D:4      | Gained mutation: You tend to lose your temper in combat.
                  | [potion of mutation]
  3946 | D:4      | Gained mutation: You have a pair of small antennae on your
                  | head. [potion of mutation]
  4161 | D:4      | Found a staircase to the Ecumenical Temple.
  4225 | D:5      | Entered Level 5 of the Dungeon
  4236 | D:5      | Gained mutation: You are partially covered in yellow
                  | scales. (AC +2) [demonic ancestry]
  4236 | D:5      | Reached XP level 7. HP: 43/50 MP: 7/7
  4663 | D:5      | Reached skill level 8 in Axes
  4683 | D:5      | Found an opulent altar of Gozag.
  4684 | D:5      | Found a shimmering altar of Xom.
  4947 | D:6      | Found a radiant altar of Vehumet.
  4947 | D:6      | Noticed Maggie
  4963 | D:6      | Killed Maggie
  4963 | D:6      | Reached skill level 9 in Axes
  4963 | D:6      | Gained mutation: You are mostly covered in yellow scales.
                  | (AC +3) [demonic ancestry]
  4963 | D:6      | Reached XP level 8. HP: 25/56 MP: 8/8
  5173 | D:6      | Reached skill level 10 in Axes
  5421 | D:6      | Found a glowing drain.
  5437 | Sewer    | Entered a sewer
  5545 | Sewer    | Found a white marble altar of Elyvilon.
  5795 | D:7      | Reached skill level 11 in Axes
  5795 | D:7      | Reached XP level 9. HP: 52/61 MP: 9/9
  5996 | D:7      | Noticed Dowan
  6000 | D:7      | Noticed Duvessa
  6019 | D:7      | Killed Dowan
  6035 | D:7      | Killed Duvessa
  6057 | D:7      | Reached skill level 12 in Axes
  6829 | D:8      | Found a snail-covered altar of Cheibriados.
  6928 | D:8      | Found a staircase to the Lair.
  6988 | D:8      | Noticed Harold
  7018 | D:8      | Slain by Harold

Illustrated notes

Levels and vault maps discovered:
D:1:      minmay_arrival_semitransparent, layout_loops_ring
D:2:      layout_rooms, amethyst_overflow_temple_binary, first_ration
D:3:      layout_basic
D:4:      layout_basic, minmay_temple_entry_from_below_b, enter_ossuary_1
D:5:      layout_rooms, chequers_temple_overflow_statue_of_worship
D:6:      layout_rooms, basic_altar, cheibrodos_sewer_entry_bend, uniq_maggie
D:7:      layout_cave_pools, the_bakery, uniq_duvessa
D:8:      layout_loops_corners, lair_entry_dummy, cheibriados_altar_1,
          uniq_harold

Skill      XL: |  1  2  3  4  5  6  7  8  9 |
---------------+----------------------------+-----
Axes           | 3 4 5 6 7 9 11 12 | 12.8
Fighting       | |  2.0
Throwing       | |  1.7
Dodging        | |  2.6

Action                   |  1- 3 |  4- 6 |  7- 9 || total
-------------------------+-------+-------+-------++-------
Melee: War axe           |    97 |   198 |   474 ||   769
  Use: Scroll            |     3 |     4 |     4 ||    11
       Potion            |     1 |     3 |     4 ||     8
 Stab: Sleeping          |     2 |     1 |     5 ||     8
  Eat: Chunk             |     1 |    10 |    10 ||    21
Armor: Leather armour    |     9 |       |       ||     9
       Ring mail         |     4 |       |       ||     4
       Scale mail        |    15 |    94 |    44 ||   153
       Swamp dragon scal |       |       |   141 ||   141
Dodge: Dodged            |    56 |    71 |   224 ||   351
Block: Buckler           |       |    28 |    64 ||    92
